 Dungeon Crawl Stone Soup version 0.26-a0-466-g989023bd0d (webtiles) character file.

Game seed: 7390164241603539335

67 1player the Skirmisher (level 3, -2/16 HPs)
             Began as a Felid Chaos Knight on Aug 12, 2020.
             Was a Plaything of Xom.
             Slain by a bullfrog (8 damage)
             ... on level 2 of the Dungeon.
             The game lasted 00:07:01 (1829 turns).

1player the Skirmisher (Felid Chaos Knight)         Turns: 1829, Time: 00:07:02

Health: -2/16      AC:  2    Str:  8    XL:     3   Next: 98%
Magic:  3/3        EV: 18    Int: 13    God:    Xom [.....*]
Gold:   136        SH:  0    Dex: 16    Spells: 2/2 levels left
                                        Lives:  0   Deaths: 0

rFire    . . .     SeeInvis +     - Unarmed
rCold    . . .     Faith    .   (shield unavailable)
rNeg     . . .     Spirit   .   (armour unavailable)
rPois    .         Reflect  .   (helmet unavailable)
rElec    .         Harm     .   (cloak unavailable)
rCorr    .         Clarity  +   (gloves unavailable)
MR       .....                  (boots unavailable)
Stlth    +++.......             (no amulet)
HPRegen  0.05/turn              (no ring)
MPRegen  0.08/turn              (no ring)

@: quick
A: very small, no armour, no weapons or thrown items, stealth, claws 1, fangs 3,
see invisible, clarity, speed 1, frail 1, low mp 1, shaggy fur 2, MP-powered
wands, sharp paws
a: Renounce Religion


You were on level 2 of the Dungeon.
You worshipped Xom.
You were Xom's teddy bear.
You visited 1 branch of the dungeon, and saw 2 of its levels.

You collected 136 gold pieces.

Inventory:

Wands
 i - a wand of polymorph (13)
Scrolls
 d - a scroll of teleportation {unknown}
 f - a scroll of fear {unknown}
 g - a scroll of blinking {unknown}
 j - a scroll of remove curse {unknown}
Potions
 b - a potion of magic {unknown}
 c - 2 potions of curing {@q1}
 e - a potion of lignification
 h - a potion of heal wounds {@q2}


   Skills:
 + Level 4.0 Fighting
 - Level 3.2 Dodging
 + Level 3.6 Stealth
 - Level 3.0 Unarmed Combat


You had 2 spell levels left.
You didn't know any spells.
Your spell library was empty.

Dungeon Overview and Level Annotations

Branches:
Dungeon (2/15)

Altars:

Annotations:
D:2 Terence


Innate Abilities, Weirdness & Mutations

You cannot wear armour.
You are incapable of wielding weapons or throwing items.
Your paws allow you to move quietly. (Stealth)
You have sharp claws.
You have razor-sharp teeth.
You have supernaturally acute eyesight. (SInv)
You cover ground quickly.
You are covered in thick fur. (AC +2)
Your sharp claws are effective at attacking unaware monsters.
You possess an exceptional clarity of mind.
You are frail. (-10% HP)
Your magical capacity is low. (-10% MP)
You expend magic power (3 MP) to strengthen your wands.


Message History

A goblin comes into view.
The bullfrog barely misses you.
You completely miss the bullfrog. The bullfrog barely misses you.
You scratch the bullfrog.
The bullfrog is lightly wounded.
The bullfrog hits you.
You scratch the bullfrog.
The bullfrog is lightly wounded.
The bullfrog hits you!
Ouch! That really hurt!
A shower of butterflies erupts from you!
The goblin closely misses your butterfly.
The bullfrog misses you.
You swap places.
The goblin completely misses your butterfly.
The bullfrog closely misses your butterfly.
The bullfrog hits you!
Ouch! That really hurt!
You die...
Xom bursts into laughter!

.. ###### # ..... #
#.# # #.. ..#g# #
#.# #.#..# #.#.#
###.## #.#<.# #.#.#
...... #....####.#.#
###.## #........b..#
#.# ###..####b###
###.######<.....@F.#
...................#
.....#.#####..####.#
.##..#.#####..####.#
.##.......##.....#.#
.###.#.#####.#####.#
.# #.#.#####.#####.#
## #.#.............#
..#######.#######


You could see a bullfrog.

Vanquished Creatures
  2 adders
  2 worms
  5 dart slugs
  A leopard gecko (D:1)
  4 bats
  2 giant cockroaches
  4 goblins
  3 hobgoblins (D:1)
  4 kobolds
  7 rats
34 creatures vanquished.

Notes
Turn   | Place    | Note
-------+----------+-------------------------------------------
     0 | D:1      | 1player the Felid Chaos Knight began the quest for the Orb.
     0 | D:1      | Reached XP level 1. HP: 10/10 MP: 2/2
   134 | D:1      | XOM: divination: detect items
   234 | D:1      | XOM: silly message
   251 | D:1      | Reached skill level 1 in Stealth
   332 | D:1      | Reached XP level 2. HP: 11/14 MP: 3/3
   989 | D:2      | Noticed Terence
  1196 | D:1      | Reached XP level 3. HP: 16/17 MP: 4/4
  1219 | D:2      | XOM: 2-stop teleportation journey
  1240 | D:2      | XOM: 5-stop teleportation journey
  1439 | D:1      | XOM: scenery: summon butterflies
  1540 | D:2      | XOM is BORED!
  1540 | D:2      | XOM: give mutations
  1540 | D:2      | Gained mutation: Your magical capacity is low. (-10% MP)
                  | [Xom's mischief]
  1540 | D:2      | Gained mutation: You are frail. (-10% HP) [Xom's mischief]
  1550 | D:2      | Reached skill level 4 in Fighting
  1741 | D:2      | XOM: give mutations
  1741 | D:2      | Gained mutation: You are covered in thick fur. (AC +2)
                  | [Xom's grace]
  1741 | D:2      | Gained mutation: You expend magic power (3 MP) to
                  | strengthen your wands. [Xom's grace]
  1741 | D:2      | Gained mutation: You possess an exceptional clarity of
                  | mind. [Xom's grace]
  1811 | D:2      | XOM: god gift: 52 gold pieces
  1818 | D:2      | Noticed a bullfrog
  1824 | D:2      | XOM: butterfly on damage
  1829 | D:2      | Slain by a bullfrog

Illustrated notes

Levels and vault maps discovered:
D:1:      dpeg_arrival_tiny_h, layout_loops_ring, minmay_tetromino_t4
D:2:      layout_basic, uniq_terence, uniq_crazy_yiuf_cottage

Skill      XL: |  1  2  3 |
---------------+----------+-----
Stealth        | 1 2 3 |  3.6
Fighting       | 4 |  4.0
Dodging        | |  3.2
Unarmed Combat | |  3.0

Action                   || total
-------------------------++-------
Melee: Unarmed           ||   110
       Bite              ||     8
  Use: Scroll            ||     3
       Potion            ||     1
 Stab: Sleeping          ||     7
Armor: Skin              ||     3
Dodge: Dodged            ||    93

Table legend: (Time is in decaauts)
 A = Elapsed time spent in this place.
 B = Non-inter-level travel time spent in this place.
 C = Inter-level travel time spent in this place.
 D = Time resting spent in this place.
 E = Time spent auto-exploring this place.
 F = Levels seen in this place.
 G = Mean time per level.
                   A        B        C        D        E       F      G
               +--------+--------+--------+--------+--------+-----+--------+
         Total |   1611 |   1571 |     40 |    287 |    593 |   2 |  805.5 |
       Dungeon |   1611 |   1571 |     40 |    287 |    593 |   2 |  805.5 |
               +--------+--------+--------+--------+--------+-----+--------+

Top non-repeatable levels by time:
     D:1: 1084 daAuts
     D:2: 527 daAuts
